 Dungeon Sprint DCSS version 0.19.5 (webtiles) character file.

1664 dwjmeijer the Unseen (level 8, 0/36 HPs)
             Began as a Spriggan Enchanter on May 12, 2017.
             Was a Follower of Nemelex Xobeh.
             Slain by a soul eater (16 damage)
             ... summoned by a kobold demonologist
             ... while paralysed by a floating eye
             ... in the Dungeon (Sprint I: "Red Sonja").
             The game lasted 00:02:48 (443 turns).

dwjmeijer the Unseen (Spriggan Enchanter)            Turns: 443, Time: 00:02:49

Health: 0/36       AC:  3    Str:  4    XL:     8   Next: 69%
Magic:  17/19      EV:  4    Int: 17    God:    Nemelex Xobeh [*.....]
Gold:   829        SH:  0    Dex: 18    Spells: 5 memorised, 8 levels left

rFire  . . .     SeeInvis +     l - +2 dagger (distort)
rCold  . . .     Gourm    .     b - +1 robe
rNeg   . . .     Faith    .     (shield restricted)
rPois  .         Spirit   .     (helmet restricted)
rElec  .         Reflect  .     (no cloak)
rCorr  .         Harm     .     (gloves unavailable)
MR     +....     NoTele   +     (boots unavailable)
Stlth  +++++++...               (no amulet)
                                (no ring)
                                (no ring)

@: paralysed, drained, very quick
A: unfitting armour, see invisible, herbivore 3, speed 3, slow metabolism 2
a: Renounce Religion


You were in the Dungeon.
You worshipped Nemelex Xobeh.
Nemelex Xobeh was aware of your devotion.
You were not hungry.

You visited 1 branch You collected 829 gold pieces.

Inventory:

Hand Weapons
 a - a +1 dagger
 l - a +2 dagger of distortion (weapon)
Armour
 b - a +1 robe (worn)
Wands
 n - a wand of lightning (8/15)
Scrolls
 j - a scroll of blinking
 o - a scroll of amnesia {unknown}
Potions
 e - 5 potions of curing
 f - a potion of heal wounds
 g - a potion of haste
 h - 2 potions of magic
 i - a potion of berserk rage
 k - a potion of invisibility {unknown}
Books
 c - a book of Maledictions

   Spells                             Type                      Level
   a - Corona                         Hexes                        1
   b - Ensorcelled Hibernation        Hexes/Ice                    2
   c - Confuse                        Hexes                        3
   d - Tukima's Dance                 Hexes                        3
   e - Dazzling Spray                 Conjuration/Hexes            3
Miscellaneous
 m - a plain deck of summoning
Comestibles
 d - a bread ration
 p - 2 fruits


   Skills:
 + Level 1.1(0.8) Short Blades
 + Level 3.0(2.7) Dodging
 * Level 17.8(17.4) Stealth
 - Level 6.9(6.5) Spellcasting
 + Level 14.3(13.9) Hexes
 * Level 7.7(7.3) Invocations


You had 8 spell levels left.
You knew the following spells:

 Your Spells              Type           Power        Failure   Level  Hunger
a - Corona                Hex            ######.      1%          1    None
b - Ensorcelled Hibernat  Hex/Ice        ####..       1%          2    None
c - Confuse               Hex            ######..     1%          3    ##.....
d - Dazzling Spray        Conj/Hex       ####..       1%          3    ##.....
e - Tukima's Dance        Hex            ######..     1%          3    ##.....


Dungeon Overview and Level Annotations

Branches:
Dungeon (1/1)

Altars:
Cheibriados
Dithmenos
Elyvilon
Fedhas
Gozag
Hepliaklqana
Kikubaaqudgha
Makhleb
Nemelex Xobeh
Okawaru
Qazlal
Ru
Sif Muna
Trog
Uskayaw
Vehumet
Xom
Yredelemnul
Zin
The Shining One
Jiyva
Lugonu

Shops:
D %%[


Innate Abilities, Weirdness & Mutations

You are very small and have problems with some larger weapons.
You are too small for most types of armour.
You have supernaturally acute eyesight. (SInv)
You are a herbivore.
You cover ground extremely quickly.
You need consume almost no food.


Message History

You impale the ufetubus!!
You kill the ufetubus!
The kobold demonologist casts a spell.
Casting: Confuse
Confirm with . or Enter, or press ? or * to list all spells.
You can't see any susceptible monsters within range! (Use Z to cast anyway.)
You hit the soul eater but do no damage.
Space bends around the soul eater.
The soul eater is lightly wounded.
The floating eye gazes piercingly through you!
You suddenly lose the ability to move!
The kobold demonologist casts a spell.
The soul eater hits you.
You feel drained. The soul eater hits you.
The soul eater draws from the surrounding life force!
The soul eater is healed.
The floating eye seems to glare at you. The soul eater hits you!
You die...
Your body glows slightly and disappears.

#########################
<.#.['..#.)'..#__#55'...#
..'..#.)'..#..'.@3KG#
..#####'#####'#__####
..####..#...#[####
..#__####..##[#
..#_____##'#..+
⌠⌠#_.∩..†'..._#
###_..__##_.#'##+###
#_____###'#[#[[..###
###########.####'###.##


You could see a soul eater, a kobold demonologist, a floating eye, an iron imp
and a quasit.

Vanquished Creatures
  Sonja (D)
  A deep troll (D)
  A slime creature (D)
  Sigmund (D)
  A yak (D)
  An ogre (D)
  A jelly (D)
  Ijyb (D)
  5 ballistomycetes (D)
  A ballistomycete spore (D)
14 creatures vanquished.

Vanquished Creatures (others)
  A ballistomycete spore (D)
1 creature vanquished.

Grand Total: 15 creatures vanquished

Notes
Turn   | Place    | Note
-------+----------+-------------------------------------------
     0 | D        | dwjmeijer the Spriggan Enchanter began the quest for the Orb.
     0 | D        | Reached XP level 1. HP: 9/9 MP: 5/5
     2 | D        | Noticed Ijyb
    37 | D        | Killed Ijyb
    37 | D        | Reached skill level 6 in Stealth
    37 | D        | Reached skill level 5 in Hexes
    37 | D        | Reached XP level 2. HP: 8/13 MP: 5/8
   150 | D        | Learned a level 2 spell: Ensorcelled Hibernation
   151 | D        | Noticed an ogre
   153 | D        | Killed an ogre
   153 | D        | Reached skill level 9 in Stealth
   153 | D        | Reached XP level 3. HP: 16/16 MP: 9/12
   153 | D        | Reached XP level 4. HP: 21/21 MP: 9/13
   168 | D        | Learned a level 3 spell: Confuse
   172 | D        | Learned a level 3 spell: Dazzling Spray
   176 | D        | Learned a level 3 spell: Tukima's Dance
   177 | D        | Noticed Sigmund
   179 | D        | Killed Sigmund
   179 | D        | Reached skill level 12 in Stealth
   179 | D        | Reached skill level 10 in Hexes
   179 | D        | Reached XP level 5. HP: 24/24 MP: 13/15
   179 | D        | Reached XP level 6. HP: 28/28 MP: 13/16
   191 | D        | Found a deep blue altar of Sif Muna.
   193 | D        | Found a radiant altar of Vehumet.
   197 | D        | Reached skill level 13 in Stealth
   232 | D        | Found Zishotet's Food Emporium.
   232 | D        | Found an ancient bone altar of Kikubaaqudgha.
   232 | D        | Found a hazy altar of Hepliaklqana.
   232 | D        | Found a stormy altar of Qazlal.
   232 | D        | Found a hide-covered altar of Uskayaw.
   232 | D        | Found a blossoming altar of Fedhas.
   232 | D        | Found a bloodstained altar of Trog.
   232 | D        | Found an iron altar of Okawaru.
   232 | D        | Found a basalt altar of Yredelemnul.
   232 | D        | Found a glowing golden altar of the Shining One.
   232 | D        | Found a snail-covered altar of Cheibriados.
   232 | D        | Found a sacrificial altar of Ru.
   232 | D        | Found a glowing silver altar of Zin.
   232 | D        | Found a shadowy altar of Dithmenos.
   232 | D        | Found a white marble altar of Elyvilon.
   232 | D        | Noticed a yak
   233 | D        | Found an opulent altar of Gozag.
   234 | D        | Killed a yak
   234 | D        | Reached skill level 14 in Stealth
   235 | D        | Found a sparkling altar of Nemelex Xobeh.
   238 | D        | Became a worshipper of Nemelex Xobeh the Trickster
   264 | D        | Noticed Sonja
   268 | D        | Killed Sonja
   268 | D        | Reached skill level 16 in Stealth
   268 | D        | Reached skill level 5 in Invocations
   268 | D        | Reached XP level 7. HP: 32/32 MP: 18/18
   268 | D        | Reached XP level 8. HP: 36/36 MP: 19/19
   284 | D        | Received a gift from Nemelex Xobeh
   288 | D        | Found Guriamatal's Food Boutique.
   308 | D        | Noticed a deep troll
   312 | D        | Killed a deep troll
   312 | D        | Reached skill level 17 in Stealth
   322 | D        | Found Qodox's Armour Emporium.
   348 | D        | Reached * piety under Nemelex Xobeh
   415 | D        | Found a burning altar of Makhleb.
   415 | D        | Found a viscous altar of Jiyva.
   415 | D        | Found a shimmering altar of Xom.
   415 | D        | Found a corrupted altar of Lugonu.
   415 | D        | Noticed a slime creature
   418 | D        | Killed a slime creature
   431 | D        | Noticed a kobold demonologist
   433 | D        | Noticed a kobold demonologist
   440 | D        | Noticed a soul eater
   440 | D        | Paralysed by a floating eye for 4 turns
   443 | D        | Slain by a soul eater

Skill      XL: |  1  2  3  4  5  6  7  8 |
---------------+-------------------------+-----
Stealth        | 6 9 12 16 17 | 17.8
Spellcasting   | 4 6 |  6.9
Hexes          | 5 7 10 13 14 | 14.3
Invocations    | 5 7 |  7.7
Short Blades   | |  1.1
Dodging        | |  3.0

Action                   |  1- 3 |  4- 6 |  7- 9 || total
-------------------------+-------+-------+-------++-------
Melee: Dagger            |    35 |     4 |    28 ||    67
 Cast: Ensorcelled Hiber |       |     2 |       ||     2
       Confuse           |       |       |     1 ||     1
       Dazzling Spray    |       |       |     1 ||     1
 Stab: Sleeping          |     2 |     4 |     2 ||     8
       Confused          |       |       |     1 ||     1
Armor: Robe              |     5 |       |       ||     5
Dodge: Dodged            |    23 |       |     2 ||    25
